 Dungeon Crawl Stone Soup version 0.31.0-9-g3a7656b989 (webtiles) character file.

Game seed: 17923355488329896687

55 qw the Shooter (level 3, -2/20 HPs)
             Began as a Deep Elf Hunter on Feb 2, 2024.
             Succumbed to an adder's poison
             ... on level 2 of the Dungeon.
             The game lasted 00:00:02 (810 turns).

qw the Shooter (Deep Elf Hunter)                     Turns: 810, Time: 00:00:02

Health: -2/20      AC:  3    Str: 10    XL:     3   Next: 67%
Magic:  5/5        EV: 17    Int: 13    God:
Gold:   85         SH:  0    Dex: 18    Spells: 2/2 levels left

rFire   . . .        a - +0 shortbow
rCold   . . .        (shield currently unavailable)
rNeg    . . .        c - +0 leather armour
rPois   .            (no helmet)
rElec   .            (no cloak)
rCorr   .            (no gloves)
SInv    .            (no boots)
Will    .....        (no amulet)
Stlth   ++           g - +5 ring of evasion
HPRegen 0.23/turn    (no ring)
MPRegen 0.09/turn

%: no passive effects
@: lethally poisoned (-2 -> -12)
A: no striking features
a: no special abilities


You were on level 2 of the Dungeon.
You visited 1 branch of the dungeon, and saw 2 of its levels.

You collected 85 gold pieces.


   Skills:
 - Level 1.5 Fighting
 + Level 7.2 Ranged Weapons
 - Level 2.4 Dodging
 - Level 1.2 Stealth


You had 2 spell levels left.
You didn't know any spells.
Your spell library was empty.

Inventory:

Hand Weapons
 a - a +0 shortbow (weapon)
Armour
 c - a +0 leather armour (worn)
Jewellery
 g - a +5 ring of evasion (left hand)
Potions
 b - a potion of mutation {unknown}
 d - a potion of heal wounds {unknown}

Dungeon Overview and Level Annotations

Branches:
Dungeon (2/15)

Altars:


Message History

The adder bites you.
You are poisoned.
The adder poisons you!
You shoot an arrow. The arrow hits the adder.
The adder is severely wounded.
You feel sick. The adder bites you.
You shoot an arrow. The arrow misses the adder.
You feel sick.
A frilled lizard comes into view.
The adder misses you. The adder bites you.
You shoot an arrow. The arrow barely misses the adder.
The frilled lizard hisses angrily.
You feel sick. The adder bites you but does no damage. The adder bites you.
You are more poisoned.
The adder poisons you! The adder bites you but does no damage.
A goblin comes into view. It is wielding a +0 club.
You shoot an arrow. The arrow closely misses the adder.
You feel sick. The adder barely misses you. x2
You shoot an arrow. The arrow hits the adder.
You kill the adder!
You feel sick. The adder bites you but does no damage.
The adder completely misses you.
You shoot an arrow. The arrow hits the adder.
The adder is moderately wounded.
You feel sick. The adder misses you.
You shoot an arrow. The arrow completely misses the adder.
You feel sick. The adder misses you.
The frilled lizard bites you but does no damage.
The adder bites you.
You are lethally poisoned!
The adder poisons you!
You shoot an arrow. The arrow hits the adder.
The adder is severely wounded.
You feel sick. The adder bites you.
You are more poisoned.
The adder poisons you! The frilled lizard misses you.
You shoot an arrow.
The arrow hits the adder but does no damage.
The adder is severely wounded.
You die...

.. ..# .# ..
..#. ....
.... .#.
.#... #
..###....
#.##.g....
#...)l#.#
#.@S.# ##.###
#.# #.#
#####.###
#.....#..
#.#####.# #.#
#.#
#.#####.#####


You could see an adder, a goblin and a frilled lizard.

Vanquished Creatures
  Terence (D:2)
  2 adders (D:2)
  A dart slug (D:1)
  A bat (D:1)
  A giant cockroach (D:1)
  2 goblins
  A quokka (D:1)
  2 rats (D:2)
11 creatures vanquished.

Notes
Turn   | Place    | Note
-------+----------+-------------------------------------------
     0 | D:1      | qw the Deep Elf Hunter began the quest for the Orb.
     0 | D:1      | Reached XP level 1. HP: 12/12 MP: 3/3
     0 | D:1      | 0 ||| qw: Version: 0.3-a-155-g5e7d8dd
     0 | D:1      | 0 ||| qw: Game counter: 1475
     0 | D:1      | 0 ||| qw: Melee chars always use a shield: true
     0 | D:1      | 0 ||| qw: God list: Okawaru
     0 | D:1      | 0 ||| qw: Allow faded altars: false
     0 | D:1      | 0 ||| qw: Do Orc after clearing Dungeon:15 true
     0 | D:1      | 0 ||| qw: Do second Lair branch before Depths: true
     0 | D:1      | 0 ||| qw: Lair rune preference: random
     0 | D:1      | 0 ||| qw: Goals: Normal
     0 | D:1      | 0 ||| PLANNING D:1-11
   339 | D:1      | Found a faded altar of an unknown god.
   582 | D:1      | Reached XP level 2. HP: 16/16 MP: 4/4
   641 | D:1      | 641 ||| UPGRADING to +5 ring of evasion.
   642 | D:1      | 642 ||| READING scroll labelled OPNAYL RUHAESE.
   643 | D:1      | 643 ||| READING scroll labelled QYUNWUN LEANG.
   644 | D:1      | 644 ||| DROPPING scroll of butterflies.
   698 | D:2      | Reached skill level 6 in Ranged Weapons
   702 | D:2      | Noticed Terence
   727 | D:2      | Killed Terence
   728 | D:2      | Reached XP level 3. HP: 7/20 MP: 5/5
   730 | D:2      | Reached skill level 7 in Ranged Weapons
   809 | D:2      | HP: 4/20 [poisoned by an adder]
   809 | D:2      | HP: 1/20 [adder (3)]
   810 | D:2      | Succumbed to an adder's poison

Levels and vault maps discovered:
D:1:      matt_arrival_diagonals, layout_loops_ring,
          ebering_ecumenical_altar_rust, nrook_campfire
D:2:      layout_loops_ring, minmay_fractal_squares_5, uniq_terence

Skill      XL: |  1  2  3 |
---------------+----------+-----
Ranged Weapons | 6 7 |  7.2
Fighting       | |  1.5
Dodging        | |  2.4
Stealth        | |  1.2

Action                     || total
---------------------------++-------
   Fire: Shortbow          ||    68
    Use: Scroll            ||     2
 Armour: Leather armour    ||    25
  Dodge: Dodged            ||    37

Table legend:
 A = Non-vault XP
 B = Vault XP
 C = Vault XP percentage of total XP
 D = Non-vault monster count
 E = Vault monster count
 F = Vault count percentage of total count
                 A         B        C        D         E       F
            +---------+---------+-------+---------+---------+-------
      Total |      43 |      36 |  45.6 |      10 |       1 |   9.1
            +---------+---------+-------+---------+---------+-------
        D:1 |      12 |       0 |   0.0 |       5 |       0 |   0.0
        D:2 |      31 |      36 |  53.7 |       5 |       1 |  16.7
            +---------+---------+-------+---------+---------+-------
